 Dungeon Crawl Stone Soup version 0.31-a0-365-gcf821cafb2 (webtiles) character file.

Game seed: 12720888366234997366

34 CraigForest the Changeling (level 3, 0/34 HPs)
             Began as an Octopode Shapeshifter on July 27, 2023.
             Succumbed to a kobold's poison
             ... on level 1 of the Dungeon.
             The game lasted 00:06:07 (576 turns).

CraigForest the Changeling (Octopode Shapeshifter)   Turns: 576, Time: 00:06:07

Health: 0/34       AC: 21    Str: 16    XL:     3   Next: 31%
Magic:  3/3        EV:  2    Int: 10    God:
Gold:   33         SH:  0    Dex: 12    Spells: 2/2 levels left

rFire   . .          .
                       - Unarmed
rCold   . . .        (no shield)
rNeg    . . .        (helmet currently unavailable)
rPois   +            (no amulet)
rElec   .            (no ring)
rCorr   .            (no ring)
SInv    .            (no ring)
Will    .....        (no ring)
Stlth   +            (no ring)
HPRegen 0.25/turn    (no ring)
MPRegen 0.08/turn    (no ring)
                     (no ring)

%: no passive effects
@: lethally poisoned (0 -> -8), tree-form
A: stationary, stasis, torment immunity, boosted hp, almost no armour,
(amphibious), 8 rings, (camouflage 1), (gelatinous body 1), (nimble swimmer 1),
(tentacles)
a: no special abilities


You were on level 1 of the Dungeon.
You were a tree.
You visited 1 branch of the dungeon, and saw 1 of its levels.

You collected 33 gold pieces.

Inventory:

Hand Weapons
 d - a +0 whip
 g - a +0 mace
 h - a +0 dagger
Talismans
 b - a beast talisman
Scrolls
 c - a scroll of brand weapon {unknown}
 e - a scroll of teleportation {unknown}
 f - a scroll of identify {unknown}


   Skills:
 + Level 1.0 Fighting
 + Level 2.1 Dodging
 + Level 0.6 Stealth
 + Level 3.5 Unarmed Combat
 + Level 3.5 Shapeshifting


You had 2 spell levels left.
You didn't know any spells.
Your spell library was empty.

Dungeon Overview and Level Annotations

Branches:
Dungeon (1/15)

Altars:


Innate Abilities, Weirdness & Mutations

You are a tree.
Your roots penetrate the ground, keeping you stationary.
You cannot be teleported.
You are immune to unholy pain and torment.
Your maximum health is greatly increased.
You cannot wear most types of armour.
((You are amphibious.))
You can wear up to eight rings at the same time.
((Your skin changes colour to match your surroundings (Stealth+).))
((Your rubbery body absorbs attacks. (AC +1, EV +1)))
((You are camouflaged when in or above water. (Stealth+)))
((You have tentacles for arms and can constrict up to eight enemies at once.))


Message History

The bat is moderately wounded.
You constrict the bat. The bat hits you.
The bat struggles to escape constriction.
The bat escapes!
The bat hits you. The bat misses you. The bat barely misses you.
You tentacle-slap the bat.
You kill the bat!
A rat comes into view.
You barely miss the rat. You grab the rat. You constrict the rat.
You kill the rat!
You see here a kobold corpse.
A kobold comes into view. It is wielding a +0 dagger of venom.
The kobold shouts!
The kobold throws a stone.
The stone hits you.
Found a chain mail.
The kobold throws a stone.
The stone closely misses you.
A ball python comes into view.
The kobold hits you with a +0 dagger of venom.
You are poisoned.
You tentacle-slap the kobold. Your grab misses the kobold.
The kobold is heavily wounded.
You feel very sick.
The kobold hits you with a +0 dagger of venom.
You are lethally poisoned!
You tentacle-slap the kobold.
You kill the kobold!
You feel very sick.
You tentacle-slap the ball python. You grab the ball python.
You squeeze the ball python.
You kill the ball python!
* * * LOW HITPOINT WARNING * * *
You feel very sick.
Your transformation has ended.
You turn into a tree.
Your roots penetrate the ground.
* * * LOW HITPOINT WARNING * * *
You feel very sick.
* * * LOW HITPOINT WARNING * * *
You feel sick.
You die...

... ##. ... ..[#
##.## ... ....#
##.. ....#
#...##.#.# # ###
##.....)#.##.# ..#
.....#.♣.....#
####### #.#
#.......####
#...... #.##
#.......# #.####.
...# #####.###
#.##.#. #..# #...#
#.#.... ...# #...#
#.##.#. ##.## #...#
##### #.##.#.
....##### #...#
#...###......
#.......#
#...###.#......#.##


There were no monsters in sight!

Vanquished Creatures
  A gnoll (D:1)
  A dart slug (D:1)
  2 bats (D:1)
  An endoplasm (D:1)
  4 hobgoblins (D:1)
  4 kobolds (D:1)
  A quokka (D:1)
  2 ball pythons (D:1)
  A frilled lizard (D:1)
  A goblin (D:1)
  3 rats (D:1)
21 creatures vanquished.

Notes
Turn   | Place    | Note
-------+----------+-------------------------------------------
     0 | D:1      | CraigForest the Octopode Shapeshifter began the quest for
                  | the Orb.
     0 | D:1      | Reached XP level 1. HP: 13/13 MP: 1/1
   154 | D:1      | Reached XP level 2. HP: 14/18 MP: 2/2
   469 | D:1      | Reached XP level 3. HP: 23/23 MP: 3/3
   576 | D:1      | Succumbed to a kobold's poison

Illustrated notes

Levels and vault maps discovered:
D:1:      psy_arrival_radial01, layout_loops_cross

Action                     || total
---------------------------++-------
  Melee: Unarmed           ||    33
         Constrict         ||    12
         Tentacles         ||     7
    Use: Potion            ||     1
   Stab: Sleeping          ||     3
 Armour: Skin              ||     1
  Dodge: Dodged            ||    18

Table legend: (Time is in decaauts)
 A = Elapsed time spent in this place.
 B = Non-inter-level travel time spent in this place.
 C = Inter-level travel time spent in this place.
 D = Time resting spent in this place.
 E = Time spent auto-exploring this place.
 F = Levels seen in this place.
 G = Mean time per level.
                   A        B        C        D        E       F      G
               +--------+--------+--------+--------+--------+-----+--------+
         Total |    574 |    409 |    165 |      0 |    240 |   1 |  574.0 |
       Dungeon |    574 |    409 |    165 |      0 |    240 |   1 |  574.0 |
               +--------+--------+--------+--------+--------+-----+--------+

Top non-repeatable levels by time:
     D:1: 574 daAuts
